 Dungeon Crawl Stone Soup version 0.21.0-3-g78d12a8 (webtiles) character file.

44 DogShitOnMyToe the Caller (level 3, -2/29 HPs)
             Began as a Formicid Summoner on Jan 12, 2018.
             Slain by a hobgoblin
             ... wielding a +0 club
              (6 damage)
             ... on level 2 of the Dungeon.
             The game lasted 00:02:20 (1063 turns).

DogShitOnMyToe the Caller (Formicid Summoner)       Turns: 1063, Time: 00:02:21

Health: -2/29      AC:  3    Str: 13    XL:     3   Next: 85%
Magic:  6/6        EV: 12    Int: 14    God:
Gold:   38         SH:  0    Dex: 11    Spells: 5/6 levels left

rFire    . . .     SeeInvis +   d - +0 short sword
rCold    . . .     Gourm    .   (no shield)
rNeg     . . .     Faith    .   a - +0 robe
rPois    .         Spirit   .   (helmet unavailable)
rElec    .         Reflect  .   (no cloak)
rCorr    .         Harm     .   f - +0 pair of gloves
MR       .....                  (no boots)
Stlth    ++........             (no amulet)
HPRegen  0.09/turn              (no ring)
MPRegen  0.10/turn              (no ring)

@: lethally poisoned (-2 -> -4)
A: permanent stasis, dig shafts and tunnels, four strong arms, antennae 3
a: Dig, Shaft Self


You were on level 2 of the Dungeon.
You were not hungry.

You visited 1 branch of the dungeon, and saw 2 of its levels.

You collected 38 gold pieces.

Inventory:

Hand Weapons
 d - a +0 short sword (weapon)
Missiles
 b - a steel javelin (quivered)
Armour
 a - a +0 robe (worn)
 f - a +0 pair of gloves (worn)
Scrolls
 e - a scroll of identify {unknown}
Books
 A - a book of Callings

   Spells                             Type                      Level
   a - Summon Small Mammal            Summoning                    1
   b - Call Imp                       Summoning                    2
   c - Call Canine Familiar           Summoning                    3
   d - Summon Guardian Golem          Hexes/Summoning              3
   e - Summon Lightning Spire         Summoning/Air                4
   f - Summon Ice Beast               Ice/Summoning                4
Comestibles
 c - 4 rations


   Skills:
 + Level 3.4 Fighting
 - Level 1.7 Dodging
 - Level 2.4 Stealth
 - Level 2.1 Spellcasting
 - Level 4.0 Summonings


You had 5 spell levels left.
You knew the following spells:

 Your Spells              Type           Power        Failure   Level  Hunger
a - Summon Small Mammal   Summ           ##..         4%          1    #......


Dungeon Overview and Level Annotations

Branches:
Dungeon (2/15)

Altars:


Innate Abilities, Weirdness & Mutations

You cannot be hasted, slowed, berserked, paralysed or teleported.
You can dig through walls and to a lower floor.
Your four strong arms can wield two-handed weapons with a shield.
You have a pair of large antennae on your head. (SInv)


Message History

The adder is almost dead.
The adder bites you.
* * * LOW HITPOINT WARNING * * *
Throwing (i - inventory):
b - 2 steel javelins (quivered)
Press: ? - help, Shift-Dir - straight line, f/p - adder
Aim: an adder (almost dead)
You throw a steel javelin.
The steel javelin hits the adder but does no damage.
The adder is almost dead.
The adder bites you.
* * * LOW HITPOINT WARNING * * *
The adder bites you.
* * * LOW HITPOINT WARNING * * *
You are poisoned.
The adder poisons you!
You hit the adder.
You kill the adder!
You feel sick.
You hit the hobgoblin but do no damage. The hobgoblin hits you with a club.
You die...

#..........
#...#...?...
#...#...... #####
#.........
.....###...#...
....r......#..
........#(##.#
........#.##.########.#
r.........(.Krg@.....>#
.....#<#.#.###########
... ###.#.# .. ..#.#
..##.. ... .%. #...
.... #...........
.###........


You could see a hobgoblin, a kobold and a rat.

Vanquished Creatures
  An adder (D:2)
  An ooze (D:1)
  A dart slug (D:1)
  2 hobgoblins (D:1)
  A jackal (D:1)
  4 kobolds (D:1)
  5 bats
  3 rats (D:1)
18 creatures vanquished.

Vanquished Creatures (collateral kills)
  A gnoll (D:1)
  2 goblins (D:1)
  A bat (D:1)
  A frilled lizard (D:1)
  3 kobolds (D:1)
8 creatures vanquished.

Grand Total: 26 creatures vanquished

Notes
Turn   | Place    | Note
-------+----------+-------------------------------------------
     0 | D:1      | DogShitOnMyToe the Formicid Summoner began the quest for the Orb.
     0 | D:1      | Reached XP level 1. HP: 13/13 MP: 3/3
    73 | D:1      | Reached skill level 1 in Fighting
   138 | D:1      | Reached XP level 2. HP: 17/21 MP: 5/5
   239 | D:1      | Reached skill level 2 in Fighting
   487 | D:1      | HP: 10/23 [gnoll (8)]
   488 | D:1      | Reached XP level 3. HP: 13/28 MP: 2/6
   800 | D:1      | Reached skill level 3 in Fighting
  1021 | D:1      | HP: 14/29 [jackal (3)]
  1060 | D:2      | HP: 12/29 [adder (4)]
  1061 | D:2      | HP: 5/29 [adder (3)]
  1063 | D:2      | Slain by a hobgoblin

Skill      XL: |  1  2  3 |
---------------+----------+-----
Fighting       | 1 2 3 |  3.4
Dodging        | |  1.7
Stealth        | |  2.4
Spellcasting   | |  2.1
Summonings     | |  4.0

Action                   || total
-------------------------++-------
Melee: Short sword       ||    86
       Unarmed           ||     1
Throw: Javelin           ||     5
 Cast: Summon Small Mamm ||     8
 Stab: Sleeping          ||     2
  Eat: Chunk             ||     1
Armor: Robe              ||    34
Dodge: Dodged            ||    95
